 Dungeon Crawl Stone Soup version 0.21-a0-508-gf08a75f (webtiles) character file.

41699 Dawnplanks the Basher (level 13, 0/156 HPs)
             Began as a Demonspawn Abyssal Knight on Nov 28, 2017.
             Was a High Priest of Lugonu.
             Slain by a water elemental (7 damage)
             ... on level 1 of the Shoals.
             The game lasted 02:28:57 (23804 turns).

Dawnplanks the Basher (Demonspawn Abyssal Knight)  Turns: 23804, Time: 02:28:58

Health: 0/156      AC: 26    Str: 17    XL:     13   Next: 81%
Magic:  9/18       EV:  2    Int: 14    God:    Lugonu [*****.]
Gold:   1023       SH: 16    Dex: 20    Spells: 12/12 levels left

rFire    . . .     SeeInvis .   E - +2 flail (drain)
rCold    . . .     Gourm    .   a - +0 shield
rNeg     + + +     Faith    .   (armour currently unavailable)
rPois    +         Spirit   .   (helmet currently unavailable)
rElec    .         Reflect  +   (cloak currently unavailable)
rCorr    .         Harm     .   (gloves currently unavailable)
MR       .....     NoTele   +   (boots unavailable)
Stlth    ++........             N - +4 amulet of reflection
HPRegen  0.36/turn              K - +2 ring of dexterity
MPRegen  0.16/turn              Q - +5 ring of dexterity

@: tree-form (expiring), studying Polearms, very slow
A: demonic guardian 2, low mp 1, powered by pain 3
a: Depart the Abyss, Bend Space, Banish, Corrupt, Enter the Abyss, Renounce
Religion


You were on level 1 of the Shoals.
You worshipped Lugonu.
Lugonu was extremely pleased with you.
You were very hungry.
You were a tree.
You visited 3 branches of the dungeon, and saw 16 of its levels.
You visited the Abyss 2 times.
You also visited: Ossuary.

You collected 1051 gold pieces.
You spent 28 gold pieces at shops.

Inventory:

Hand Weapons
 D - a +0 war axe of electrocution
 E - a +2 flail of draining (weapon)
 J - a +4 trident
Armour
 a - a +0 shield (worn)
 b - the +0 scale mail "Pinuimog" (melded) {*Contam +Fly MR- Dex+5}
   (You found it on level 6 of the Lair of Beasts)

   It affects your dexterity (+5).
   It affects your resistance to hostile enchantments.
   It lets you fly.
   It causes magical contamination when unequipped.
 d - +0 acid dragon scales
 l - a +1 cloak (melded)
 p - +0 steam dragon scales
 u - a +2 helmet (melded)
 R - a +0 plate armour
 U - a +0 pair of gloves (melded)
 W - the +3 salamander hide armour {+Rage rF++}
   (You found it on level 8 of the Dungeon)

   It greatly protects you from fire.
   It lets you go berserk.
Jewellery
 g - an uncursed ring of see invisible
 k - an uncursed ring of positive energy
 G - an uncursed ring of fire
 K - a +2 ring of dexterity (left branch)
 L - an uncursed amulet of regeneration
 N - a +4 amulet of reflection (around neck)
 Q - a +5 ring of dexterity (right branch)
Wands
 s - a wand of disintegration (14)
 H - a wand of polymorph (11)
 M - a wand of paralysis (8)
 S - a wand of iceblast (6)
 Y - a wand of enslavement (25)
Scrolls
 e - a scroll of fog
 h - a scroll of summoning {unknown}
 j - 4 scrolls of enchant armour
 m - a scroll of acquirement {unknown}
 n - 3 scrolls of enchant weapon
 v - 4 scrolls of magic mapping
 x - 4 scrolls of blinking
 B - 2 scrolls of fear
 T - 7 scrolls of remove curse
 V - 3 scrolls of silence {unknown}
 X - a scroll of torment {unknown}
Potions
 f - 4 potions of might
 i - 5 potions of lignification
 q - 2 potions of flight
 r - 2 potions of degeneration
 t - a potion of ambrosia
 z - 4 potions of curing
 A - 4 potions of berserk rage
 C - 3 potions of haste
 I - 2 potions of resistance
 O - a potion of agility
 P - a potion of magic
Books
 y - a manual of Polearms
Miscellaneous
 Z - a lamp of fire
Comestibles
 c - 10 bread rations
 o - 12 meat rations
 w - 13 royal jellies
 F - 16 fruits


   Skills:
 * Level 10.4 Fighting
   Level 0.4 Short Blades
 + Level 11.8 Maces & Flails
 * Level 9.1 Armour
 + Level 7.1 Dodging
 - Level 0.1 Stealth
 * Level 9.5 Shields
 - Level 10.0 Invocations
 * Level 4.2 Evocations


You had 12 spell levels left.
You didn't know any spells.

Dungeon Overview and Level Annotations

Branches:
Dungeon (9/15)             Temple (0/1) D:4            Lair (6/6) D:9
 Shoals (1/4) Lair:4       Spider (0/4) Lair:4        Slime (0/5) Lair:5
    Orc (0/2) D:9

Altars:
Ashenzari
Uskayaw
Vehumet
Jiyva

Shops:
D:6 ?   D:8 [

Annotations:
Lair:2 exclusion: 4 oklob plants


Innate Abilities, Weirdness & Mutations

((You have hooves in place of feet.))
A demonic guardian rushes to your aid.
You are powered by pain.
((When seriously injured, your bleeding wounds create very thick armour. (AC +0)))
Your magical capacity is low. (-10% MP)


Message History

This branch contains the abyssal rune of Zot.
The water engulfing you falls away.
You are feeling very hungry.
Lugonu is no longer ready to corrupt your weapon.
You start resting.
You feel yourself growing ill in the presence of the ancient zyme.
An ancient zyme comes into view.
An ancient zyme is nearby!
An ancient zyme is nearby!
An ancient zyme is nearby!
You pass through the gate.
Welcome back to the Shoals!
Splash!
You fall into the shallow water.
Moving in this stuff is going to be slow.
A snapping turtle comes into view.
Your transformation is almost over.
The snapping turtle hisses angrily.
The water elemental hits you. The water elemental hits you!
You die...

≈≈≈≈,,,**.≈≈≈≈≈≈≈≈≈≈≈≈..*** *
≈≈≈≈≈,,,,.≈≈≈≈≈≈≈≈≈≈≈≈≈≈.,*******
≈≈≈≈,,,,,c≈≈≈≈≈≈≈≈m≈≈≈≈≈≈..,,,,,*
≈≈,,,,,,,≈≈≈m≈≈≈≈≈≈≈≈≈≈≈≈≈..,,,,,
≈≈≈≈≈≈,≈≈≈≈≈≈≈≈≈≈≈≈≈≈≈≈≈≈≈≈≈≈≈≈≈≈
≈≈≈≈≈≈,,,..≈≈≈≈≈≈≈≈≈≈≈≈≈≈≈≈≈≈≈≈≈≈
,≈≈≈≈≈,*,.≈≈≈≈≈c≈≈≈≈≈≈≈≈≈≈≈≈≈≈≈≈≈
,,≈≈≈≈,,,≈≈≈≈≈≈mEE≈≈≈≈≈≈≈≈≈≈≈≈≈≈≈
,,≈≈≈≈,,,≈######♣≈≈≈≈≈≈≈≈≈≈≈.≈≈,,
,,≈≈,≈≈≈≈##.≈≈.##(≈(≈≈≈≈≈≈≈..≈≈,,
,....≈≈≈≈#..≈≈.PP.4≈≈≈≈≈≈≈...,,,,
,.....≈≈.#..≈≈.P.t...≈≈≈≈≈...,,,,
,*#...≈..#..≈≈.).....?.≈≈≈.##****
,##.[...≈##.≈≈.##.......≈≈##*****
##.......≈######.......[...#*....
.........≈≈≈..................≈..
..........≈≈...≈...........≈≈...)


You could see a merfolk aquamancer, a snapping turtle, 2 fauns, 2 water
elementals, a merfolk siren, a water nymph and a friendly orange demon.

Vanquished Creatures
  Rupert (Lair:4)
  Harold (Lair:4)
  A fire dragon (Lair:6)
  4 hydras
  A death yak (D:8)
  A two-headed ogre (D:8)
  A sea snake (Lair:4)
  A swamp dragon (Lair:6)
  2 oklob plants
  A manticore (Shoals:1)
  A faun (Shoals:1)
  2 merfolk sirens (Shoals:1)
  8 elephants
  3 black mambas
  13 spiny frogs
  2 rime drakes
  A torpor snail (Lair:3)
  3 komodo dragons
  A merfolk (Lair:4)
  2 polar bears (Lair:4)
  A jumping spider (Lair:4)
  A queen bee (Lair:2)
  11 hippogriffs
  3 blink frogs
  A water elemental (Shoals:1)
  A spriggan (Lair:6)
  A basilisk (Lair:5)
  11 yaks
  A hungry ghost (D:9)
  A steam dragon (Lair:6)
  3 wyverns
  3 acid dragons (Lair:6)
  9 water moccasins
  Duvessa (D:6)
  6 orc warriors
  7 porcupines
  4 sky beasts
  4 ice beasts
  2 black bears
  A phantom (D:8)
  6 centaurs
  A necrophage (D:9)
  An ogre (D:7)
  5 wolves (Lair:2)
  11 crocodiles
  Blork the orc (D:6)
  8 bullfrogs
  2 gnoll sergeants (D:5)
  A wyvern zombie (D:9)
  A scorpion (D:8)
  Dowan (D:6)
  24 killer bees (Lair:2)
  8 wights
  4 howler monkeys
  5 electric eels
  2 centaur zombies
  3 jellies
  3 crimson imps
  5 hounds
  A bullfrog skeleton (D:9)
  2 gnoll shamans (D:5)
  4 orc priests
  A centaur skeleton (D:7)
  9 orc wizards
  Jessica (D:2)
  6 iguanas
  Natasha (thrice) (D:2)
  7 worker ants
  2 hell rats
  3 big kobold zombies (Ossuary)
  A hound skeleton (D:6)
  A mummy (Ossuary)
  A howler monkey zombie (D:8)
  11 adders
  32 gnolls (D:5)
  A howler monkey skeleton (D:5)
  An ooze (D:2)
  An adder skeleton (D:7)
  A worm (D:3)
  3 dart slugs
  12 leopard geckos
  41 orcs
  6 bats
  6 giant cockroaches
  7 goblins
  8 hobgoblins
  28 jackals
  4 kobolds (D:1)
  2 quokkas
  5 frilled lizards
  11 hobgoblin zombies (Ossuary)
  3 jackal zombies (Ossuary)
  7 kobold zombies (Ossuary)
  9 orc zombies (Ossuary)
  11 rats
  2 plants
468 creatures vanquished.

Vanquished Creatures (collateral kills)
  The ghost of Vlans the Grappler, a journeyman TrMo of Wu Jian (Lair:1)
  The ghost of mad the Slinger, a journeyman HaHu of Okawaru (Lair:1)
  4 hydras
  2 death yaks (D:8)
  Urug (Lair:4)
  Nergalle (Lair:4)
  A sea snake (Shoals:1)
  An oklob plant (Lair:6)
  A manticore (Shoals:1)
  4 elephants
  A spiny frog (Lair:1)
  A black mamba (Lair:4)
  A rime drake (Lair:2)
  A komodo dragon (Lair:2)
  2 blink frogs (Lair:2)
  4 hippogriffs
  A water elemental (Shoals:1)
  A wyvern (Lair:2)
  8 yaks
  A hungry ghost (D:9)
  2 basilisks
  Menkaure (D:4)
  2 water moccasins
  A porcupine (Lair:5)
  A swamp drake (Lair:6)
  An orc warrior (D:4)
  A sky beast (D:6)
  A black bear (D:9)
  4 wolves
  4 centaurs (Lair:4)
  A crocodile (Lair:2)
  8 killer bees (Lair:2)
  A howler monkey (D:7)
  A hound (D:5)
  A human zombie (Ossuary)
  2 orc wizards
  A hell rat (Lair:2)
  A worker ant (D:8)
  A hound skeleton (D:5)
  A mummy (Ossuary)
  2 gnolls (D:5)
  An adder (D:2)
  3 orcs
  A jackal zombie (Ossuary)
  A kobold zombie (Ossuary)
  A fungus (Lair:1)
  A plant (Shoals:1)
84 creatures vanquished.

Vanquished Creatures (others)
  An oklob plant (Shoals:1)
  An acid dragon (Lair:6)
  10 fungi
  26 plants
38 creatures vanquished.

Grand Total: 590 creatures vanquished

Notes
Turn   | Place    | Note
-------+----------+-------------------------------------------
     0 | Abyss:1  | Dawnplanks the Demonspawn Abyssal Knight began the quest for the Orb.
     0 | Abyss:1  | Reached XP level 1. HP: 18/18 MP: 2/2
    30 | Abyss:1  | Noticed a ynoxinul
    31 | D:1      | Escaped the Abyss
   269 | D:1      | Reached * piety under Lugonu
   295 | D:1      | Reached skill level 1 in Dodging
   295 | D:1      | Gained mutation: A weak demonic guardian rushes to your aid. [demonic ancestry]
   295 | D:1      | Reached XP level 2. HP: 21/24 MP: 3/3
   516 | D:1      | Reached skill level 2 in Maces & Flails
   711 | D:1      | Gained mutation: You have large cloven feet. [demonic ancestry]
   711 | D:1      | Reached XP level 3. HP: 19/30 MP: 4/4
  1068 | D:2      | Gained mutation: When seriously injured, your bleeding wounds create armour. (AC +0) [demonic ancestry]
  1068 | D:2      | Reached XP level 4. HP: 37/37 MP: 5/5
  1093 | D:2      | Noticed Jessica
  1098 | D:2      | Killed Jessica
  1265 | D:2      | Noticed Natasha
  1272 | D:2      | Killed Natasha
  1275 | D:2      | Found a hide-covered altar of Uskayaw.
  1508 | D:2      | Gained mutation: When seriously injured, your bleeding wounds create thick armour. (AC +0) [demonic ancestry]
  1508 | D:2      | Reached XP level 5. HP: 34/42 MP: 6/6
  1794 | D:2      | Noticed Natasha
  1800 | D:2      | Killed Natasha
  1800 | D:2      | Reached skill level 3 in Maces & Flails
  1848 | D:2      | Noticed Natasha
  1860 | D:2      | Killed Natasha
  2259 | D:3      | Reached ** piety under Lugonu
  2570 | D:3      | Noticed a centaur
  2582 | D:3      | Killed a centaur
  2582 | D:3      | Gained mutation: When seriously injured, your bleeding wounds create very thick armour. (AC +0) [demonic ancestry]
  2582 | D:3      | Reached XP level 6. HP: 27/48 MP: 7/7
  3141 | D:4      | Noticed Menkaure
  3145 | D:4      | Killed Menkaure
  3145 | D:4      | Reached skill level 4 in Maces & Flails
  3230 | D:4      | Found a staircase to the Ecumenical Temple.
  3333 | D:4      | Found a sand-covered staircase.
  3340 | Ossuary  | Entered an ossuary
  3462 | Ossuary  | Reached *** piety under Lugonu
  3520 | Ossuary  | Gained mutation: You sometimes gain a little power by taking damage. [demonic ancestry]
  3520 | Ossuary  | Reached XP level 7. HP: 40/55 MP: 8/8
  4255 | D:5      | Entered Level 5 of the Dungeon
  4304 | D:5      | Reached skill level 5 in Maces & Flails
  4813 | D:5      | Reached skill level 5 in Fighting
  4928 | D:5      | Found a shattered altar of Ashenzari.
  4969 | D:5      | Gained mutation: A demonic guardian rushes to your aid. [demonic ancestry]
  4969 | D:5      | Reached XP level 8. HP: 36/62 MP: 9/9
  5270 | D:5      | Reached **** piety under Lugonu
  5271 | D:5      | Reached skill level 6 in Maces & Flails
  6359 | D:6      | Reached ***** piety under Lugonu
  6359 | D:6      | Reached skill level 5 in Armour
  6473 | D:6      | Reached skill level 7 in Maces & Flails
  6547 | D:6      | Noticed Dowan
  6557 | D:6      | Killed Dowan
  6565 | D:6      | Noticed Duvessa
  6577 | D:6      | Killed Duvessa
  6577 | D:6      | Gained mutation: You sometimes gain power by taking damage. [demonic ancestry]
  6577 | D:6      | Reached XP level 9. HP: 59/69 MP: 10/12
  6949 | D:6      | Found the +5 robe of Night {Dark MR+ SInv}
  7256 | D:6      | Found Astrask's Magic Scroll Emporium.
  7264 | D:6      | Bought a scroll of identify for 28 gold pieces
  7449 | D:6      | Noticed Blork the orc
  7455 | D:6      | Killed Blork the orc
  7906 | D:7      | Reached skill level 8 in Maces & Flails
  8386 | D:7      | Reached skill level 5 in Invocations
  8739 | D:8      | Found the +3 salamander hide armour {+Rage rF++}
  9110 | D:8      | Noticed a two-headed ogre
  9116 | D:8      | Killed a two-headed ogre
  9116 | D:8      | Gained mutation: You have hoof-like feet. [demonic ancestry]
  9116 | D:8      | Reached XP level 10. HP: 77/77 MP: 12/14
  9161 | D:8      | Reached skill level 9 in Maces & Flails
  9173 | D:8      | Reached skill level 1 in Shields
  9396 | D:8      | Found Kugo Sea's Armour Emporium.
  9965 | D:9      | Found a hide-covered altar of Uskayaw.
 10225 | D:8      | Reached skill level 5 in Dodging
 10368 | D:9      | Reached ****** piety under Lugonu
 10467 | D:9      | Noticed a death yak
 10490 | D:9      | Noticed a death yak
 10491 | D:9      | Noticed a death yak
 10622 | D:8      | Killed a death yak
 10674 | D:8      | Killed a death yak
 10792 | D:8      | Killed a death yak
 11233 | D:9      | Gained mutation: You have hooves in place of feet. [demonic ancestry]
 11233 | D:9      | Reached XP level 11. HP: 78/84 MP: 15/15
 11262 | D:9      | Found a staircase to the Orcish Mines.
 11684 | D:9      | Found a staircase to the Lair.
 12011 | Lair:1   | Entered Level 1 of the Lair of Beasts
 12241 | Lair:1   | Noticed Vlans's ghost (journeyman TrMo)
 12275 | Lair:1   | Killed Vlans's ghost
 12275 | Lair:1   | Reached skill level 10 in Maces & Flails
 12456 | Lair:1   | Noticed mad's ghost (journeyman HaHu)
 12508 | Lair:1   | Killed mad's ghost
 12726 | Lair:1   | Noticed a seven-headed hydra
 12738 | Lair:1   | Killed a seven-headed hydra
 12847 | Lair:1   | Noticed a seven-headed hydra
 12854 | Lair:1   | Reached skill level 5 in Shields
 12859 | Lair:1   | Killed a seven-headed hydra
 14400 | Lair:2   | Noticed a five-headed hydra
 14420 | Lair:2   | Killed a five-headed hydra
 14702 | Lair:2   | Gained mutation: You are powered by pain. [demonic ancestry]
 14702 | Lair:2   | Reached XP level 12. HP: 32/94 MP: 18/18
 16053 | Lair:3   | Noticed a six-headed hydra
 16106 | Lair:2   | Killed a six-headed hydra
 16514 | Lair:3   | Noticed a six-headed hydra
 16522 | Lair:3   | Killed a six-headed hydra
 17009 | Lair:3   | Found a runed door.
 17347 | Lair:3   | Noticed a seven-headed hydra
 17362 | Lair:3   | Killed a seven-headed hydra
 17630 | Lair:4   | Noticed Nergalle
 17635 | Lair:4   | Killed Nergalle
 17648 | Lair:4   | Reached skill level 11 in Maces & Flails
 17702 | Lair:4   | Found a staircase to the Shoals.
 17710 | Lair:4   | Reached skill level 1 in Evocations
 18129 | Lair:4   | Noticed Urug
 18146 | Lair:4   | Killed Urug
 18172 | Lair:4   | Found a hole to the Spider Nest.
 18448 | Lair:4   | Noticed Rupert
 18475 | Lair:4   | Killed Rupert
 18685 | Lair:4   | Noticed Harold
 18718 | Lair:4   | Killed Harold
 18718 | Lair:4   | Reached XP level 13. HP: 97/101 MP: 20/20
 19086 | Lair:4   | Reached skill level 10 in Invocations
 19665 | Lair:5   | Found a staircase to the Slime Pits.
 19666 | Lair:5   | Found a viscous altar of Jiyva.
 20241 | Lair:5   | Found a radiant altar of Vehumet.
 20560 | Lair:6   | Entered Level 6 of the Lair of Beasts
 21116 | Lair:6   | Got a smoking scale mail
 21127 | Lair:6   | Identified the +0 scale mail "Pinuimog" {*Contam +Fly MR- Dex+5} (You found it on level 6 of the Lair of Beasts)
 21182 | Lair:6   | Gained mutation: Your magical capacity is low. (-10% MP) [mutagenic glow]
 21290 | Lair:6   | Reached skill level 10 in Fighting
 22026 | Lair:6   | Noticed a fire dragon
 22046 | Lair:6   | Killed a fire dragon
 22957 | Shoals:1 | Entered Level 1 of the Shoals
 23789 | Shoals:1 | HP: 5/156 [merfolk aquamancer/ball of steam (15)]
 23804 | Shoals:1 | Escaped the Abyss
 23804 | Shoals:1 | Slain by a water elemental

Vault maps used:
D:1:      erik_arrival_triangle_huge
D:2:      cheibrodos_helix_gallery, old_standard_altar, serial_bayou_lagoon_b,
          uniq_natasha, uniq_jessica
D:3:      first_bread, hangedman_decor_push
D:4:      temple_hall, enter_ossuary_1, grunt_ministairs_4, uniq_menkaure
D:5:      lemuel_castle_with_subvaults, ashenzari_altar_1
D:6:      serial_shops, shop_scrolls, uniq_duvessa, uniq_blork_the_orc
D:8:      serial_shops, shop
D:9:      dpeg_lair_monsters, erik_orc_2, basic_altar
Lair:2:   hangedman_what_comes_after_a, serial_bayou_lake_a
Lair:3:   pf_torpor_hydra
Lair:4:   minmay_shoals_entry_centaurs, spider_nest_entry_rubble,
          grunt_megastairs_5, uniq_nergalle, uniq_harold, uniq_urug, uniq_rupert
Lair:5:   slime_altar_1, basic_altar, lemuel_fruit_tree
Lair:6:   guppyfry_lair_end_dragon, grunt_forest_large_clearing_hut,
          lemuel_fruit_fields, minmay_lair_oklob_chamber, serial_bayou_shore_b,
          lemuel_fruit_fields
Shoals:1: nicolae_shoals_this_corrosion
Ossuary:  ossuary_tomb_1

Skill      XL: |  1  2  3  4  5  6  7  8  9 10 11 12 13 |
---------------+----------------------------------------+-----
Armour         | 2 3 4 5 6 7 8 9 |  9.1
Dodging        | 1 2 3 4 5 6 7 |  7.1
Maces & Flails | 2 3 4 5 7 8 9 10 11 | 11.8
Fighting       | 4 5 6 7 8 9 10 | 10.4
Invocations    | 4 5 6 8 9 10 | 10.0
Shields        | 3 6 8 9 |  9.5
Evocations     | 2 4 |  4.2
Short Blades   | |  0.4
Stealth        | |  0.1

Action                   |  1- 3 |  4- 6 |  7- 9 | 10-12 | 13-15 || total
-------------------------+-------+-------+-------+-------+-------++-------
Melee: Mace              |    40 |   214 |   101 |       |       ||   355
       Short sword       |    42 |       |       |       |       ||    42
       Kick              |     3 |    41 |   140 |   244 |   141 ||   569
       Flail             |       |       |   472 |   695 |   313 ||  1480
       Trident           |       |       |       |    20 |     1 ||    21
Throw: Tomahawk          |       |       |     3 |       |       ||     3
Invok: Depart the Abyss  |     1 |       |       |       |     1 ||     2
       Bend Space        |       |       |     4 |    15 |     2 ||    21
       Banish            |       |       |       |     1 |     1 ||     2
       Enter the Abyss   |       |       |       |       |     1 ||     1
 Abil: Evoke Berserk Rag |       |       |     1 |     3 |     1 ||     5
       Evoke Flight      |       |       |       |       |     1 ||     1
  Use: Potion            |     2 |       |       |     2 |     7 ||    11
       Scroll            |       |       |     9 |     6 |    10 ||    25
 Stab: Distracted        |       |       |     1 |     3 |     3 ||     7
  Eat: Chunk             |       |     7 |    16 |    30 |    11 ||    64
       Fruit             |       |     1 |     4 |     1 |     7 ||    13
       Bread ration      |       |       |       |     1 |       ||     1
       Royal jelly       |       |       |       |     1 |       ||     1
Armor: Leather armour    |    11 |       |     5 |   179 |    85 ||   280
       Ring mail         |    31 |   119 |   183 |       |       ||   333
       Skin              |    16 |       |       |       |     7 ||    23
       Plate armour      |       |       |    70 |       |       ||    70
       Scale mail        |       |       |       |       |    12 ||    12
Dodge: Dodged            |    64 |   152 |   281 |   300 |   145 ||   942
Block: Shield            |       |       |    18 |   492 |   218 ||   728
       Reflection        |       |       |     6 |     7 |     3 ||    16
       Other             |       |       |     5 |       |       ||     5

Table legend:
 A = Spawn XP
 B = Non-spawn XP
 C = Spawn XP percentage of total XP
 D = Spawn monster count
 E = Non-spawn monster count
 F = Spawn count percentage of total count
 G = Total turns spent on level
                    A         B        C        D         E        F      G
               +---------+---------+-------+---------+---------+-------+---------
         Total |       0 |   59570 |   0.0 |       0 |     550 |   0.0 | 23804
               +---------+---------+-------+---------+---------+-------+---------
           D:1 |       0 |      43 |   0.0 |       0 |      22 |   0.0 |   796
           D:2 |       0 |     223 |   0.0 |       0 |      24 |   0.0 |  1216
           D:3 |       0 |     155 |   0.0 |       0 |      18 |   0.0 |   828
           D:4 |       0 |     377 |   0.0 |       0 |      16 |   0.0 |  1178
           D:5 |       0 |    1294 |   0.0 |       0 |      73 |   0.0 |  1793
           D:6 |       0 |    1252 |   0.0 |       0 |      27 |   0.0 |  1289
           D:7 |       0 |    1436 |   0.0 |       0 |      33 |   0.0 |  1096
           D:8 |       0 |    4000 |   0.0 |       0 |      38 |   0.0 |  2013
           D:9 |       0 |    2348 |   0.0 |       0 |      49 |   0.0 |  1342
        Lair:1 |       0 |    5300 |   0.0 |       0 |      22 |   0.0 |  1833
        Lair:2 |       0 |   11659 |   0.0 |       0 |      86 |   0.0 |  3121
        Lair:3 |       0 |    2909 |   0.0 |       0 |       9 |   0.0 |  1018
        Lair:4 |       0 |    9923 |   0.0 |       0 |      28 |   0.0 |  2225
        Lair:5 |       0 |    5094 |   0.0 |       0 |      22 |   0.0 |  1060
        Lair:6 |       0 |    9732 |   0.0 |       0 |      34 |   0.0 |  1904
      Shoals:1 |       0 |    3618 |   0.0 |       0 |      10 |   0.0 |   566
       Ossuary |       0 |     207 |   0.0 |       0 |      39 |   0.0 |   481
               +---------+---------+-------+---------+---------+-------+---------
